 Dungeon Crawl Stone Soup version 0.18-a0-1778-gadce9fa (webtiles) character file.

20 Ijustatesigmund the Ruffian (level 2, 28/28 HPs)
             Began as a Troll Warper on Apr 16, 2016.
             Quit the game on level 2 of the Dungeon.
             The game lasted 00:01:27 (264 turns).

Ijustatesigmund the Ruffian (Troll Warper)           Turns: 264, Time: 00:01:28

Health: 28/28      AC:  5    Str: 18    XL:     2   Next: 58%
Magic:  2/2        EV: 10    Int:  9    God:
Gold:   49         SH:  0    Dex:  9    Spells: 2 memorised, 0 levels left

rFire  . . .     SeeInvis .       - Unarmed
rCold  . . .     Gourm    +     a - +0 robe
rNeg   . . .     Faith    .     (no shield)
rPois  .         Spirit   .     (helmet restricted)
rElec  .         Dismiss  .     (no cloak)
rCorr  .         Reflect  .     (gloves unavailable)
SustAt .         Harm     .     (boots unavailable)
MR     .....                    (no amulet)
Stlth  +.........               (no ring)
                                (no ring)

@: not resistant to hostile enchantments, very unstealthy
A: unfitting armour, claws 3, fast metabolism 3, gourmand, regeneration 2,
shaggy fur 1, tough skin 2
a: no special abilities


You were on level 2 of the Dungeon.
You were very full.

You visited 1 branch of the dungeon, and saw 2 of its levels.

You collected 49 gold pieces.

Inventory:

Missiles
 d - 5 tomahawks of dispersal (quivered)
Armour
 a - a +0 robe (worn)
Jewellery
 g - a cursed -3 ring of strength {unknown}
Scrolls
 c - a scroll of blinking
 k - a scroll of fog {unknown}
Potions
 e - a potion of magic {unknown}
 h - a potion of heal wounds {unknown}
 i - a potion of resistance {unknown}
Books
 b - a book of Spatial Translocations

   Spells                             Type                      Level
   a - Apportation                    Translocation                1
   b - Blink                          Translocation                2
   c - Shroud of Golubria             Charms/Translocation         2
   d - Portal Projectile              Translocation                3
   e - Teleport Other                 Translocation                3
   f - Passage of Golubria            Translocation                4
Comestibles
 f - 2 bread rations
 j - a meat ration


   Skills:
 + Level 2.3 Fighting
 - Level 0.8 Throwing
 - Level 1.9 Dodging
 + Level 2.4 Unarmed Combat
 - Level 1.2 Spellcasting
 - Level 2.1 Translocations


You couldn't memorise any spells.
You knew the following spells:

 Your Spells              Type           Power        Failure   Level  Hunger
a - Apportation           Tloc           #.........   14%         1    ##.....
b - Blink                 Tloc           N/A          21%         2    ###....


Dungeon Overview and Level Annotations

Branches:
Dungeon (1/15)

Altars:


Innate Abilities, Weirdness & Mutations

You are too large for most types of armour.
You have claws for hands.
Your metabolism is lightning-fast.
You like to eat raw meat.
You heal very quickly.
You are covered in fur (AC +1).
You have very tough skin (AC +2).


Message History

You claw the hobgoblin!
You kill the hobgoblin!
No target in view!
No target in view!
No target in view!
No target in view!
No target in view!
No target in view!
No target in view!
No target in view!
No target in view!
No target in view!
No target in view!
k - a scroll labeled JAIMPU TASITEGG You fall through a shaft!
The shaft crumbles and collapses.
Found a stone staircase leading up.
Quiver which item? (- for none, * to show all) (? for menu, Esc to quit)
Okay, then.
Are you sure you want to abandon this character and quit the game? (Confirm with "yes".)

## #.. #..<
#....######..#
#.....@......#
..............#
##...########.#
##. #


There were no monsters in sight!

Vanquished Creatures
  A giant gecko (D:1)
  3 goblins (D:1)
  3 hobgoblins (D:1)
  3 jackals (D:1)
  2 kobolds (D:1)
  3 bats (D:1)
  A giant newt (D:1)
  A rat (D:1)
17 creatures vanquished.

Notes
Turn   | Place    | Note
--------------------------------------------------------------
     0 | D:1      | Ijustatesigmund the Troll Warper began the quest for the Orb.
     0 | D:1      | Reached XP level 1. HP: 19/19 MP: 1/1
    60 | D:1      | Reached XP level 2. HP: 25/28 MP: 2/2
   129 | D:1      | Learned a level 2 spell: Blink
   263 | D:1      | You fall through a shaft!
   264 | D:2      | Quit the game

Vault maps used:
D:1:      dpeg_arrival_chase
D:2:      kennysheep_slug_shrine, nicolae_gozag_seed_capital,
          lemuel_round_altar, first_bread, serial_park_tiny_2

Skill      XL: |  1  2 |
---------------+-------+-----
Fighting       | 2 |  2.3
Throwing       | |  0.8
Dodging        | |  1.9
Unarmed Combat | |  2.4
Spellcasting   | |  1.2
Translocations | |  2.1

Action                   || total
-------------------------++-------
Melee: Unarmed           ||    46
       Punch             ||     1
  Eat: Chunk             ||     6
Armor: Robe              ||    15
Dodge: Dodged            ||    32
